 Dungeon Crawl Stone Soup version 0.26.1-11-gd32895ea62 (webtiles) character file.

Game seed: 3684713235446837234

1465 Tirrikindir the Cleaver (level 8, 0/68 HPs)
             Began as a Hill Orc Fighter on June 18, 2021.
             Was a Believer of Dithmenos.
             Slain by Maggie
             ... wielding a +0 war axe
              (15 damage)
             ... on level 6 of the Dungeon.
             The game lasted 00:11:49 (5653 turns).

Tirrikindir the Cleaver (Hill Orc Fighter)          Turns: 5653, Time: 00:11:50

Health: 0/68       AC: 21    Str: 19    XL:     8   Next: 77%
Magic:  11/11      EV:  8    Int:  8    God:    Dithmenos [**....]
Gold:   297        SH:  0    Dex: 12    Spells: 7/7 levels left

rFire    . . .     SeeInvis .   r - +0 battleaxe
rCold    . . .     Faith    .   (shield currently unavailable)
rNeg     . . .     Spirit   .   A - +0 chain mail
rPois    .         Reflect  .   g - +2 helmet
rElec    .         Harm     .   o - +0 cloak
rCorr    +         Rampage  .   (no gloves)
Will     .....                  B - +2 pair of boots
Stlth    ..........             (no amulet)
HPRegen  0.21/turn              j - +4 ring of protection
MPRegen  0.12/turn              u - ring of resist corrosion

@: lethally poisoned (0 -> -1), mesmerised, wreathed by umbra
A: no striking features
a: Renounce Religion, Shadow Step


You were on level 6 of the Dungeon.
You worshipped Dithmenos.
Dithmenos was pleased with you.
You visited 2 branches of the dungeon, and saw 7 of its levels.

You collected 297 gold pieces.

Inventory:

Hand Weapons
 r - a +0 battleaxe (weapon)
 y - a +5 flail of holy wrath
Missiles
 k - 58 poisoned darts (quivered)
Armour
 c - a +0 kite shield
 g - a +2 helmet (worn)
 o - a +0 cloak (worn)
 A - a +0 chain mail (worn)
 B - a +2 pair of boots (worn)
Jewellery
 j - a +4 ring of protection (left hand)
 u - a ring of resist corrosion (right hand)
Wands
 w - a wand of flame (10)
Scrolls
 f - 7 scrolls of remove curse
 h - 3 scrolls of amnesia
 i - 3 scrolls of fog
 l - a scroll of fear {unknown}
 n - a scroll of immolation {unknown}
 q - 2 scrolls of teleportation {unknown}
 x - a scroll of random uselessness {unknown}
Potions
 a - 3 potions of brilliance
 b - a potion of haste
 d - a potion of might
 e - 2 potions of cancellation
 p - 2 potions of lignification {unknown}
 s - 2 potions of heal wounds {unknown}
 t - a potion of flight {unknown}
 v - a potion of curing {unknown}
 z - a potion of berserk rage {unknown}


   Skills:
 - Level 5.0 Fighting
 * Level 9.6 Axes
 - Level 5.0 Armour
 - Level 3.0 Dodging
 - Level 3.2 Shields
 - Level 5.0 Invocations
 - Level 3.0 Evocations


You had 7 spell levels left.
You didn't know any spells.
Your spell library was empty.

Dungeon Overview and Level Annotations

Branches:
Dungeon (6/15)             Temple (1/1) D:6

Altars:
Dithmenos
Elyvilon
Fedhas
Gozag
Hepliaklqana
Makhleb
Nemelex Xobeh
Okawaru
Qazlal
Ru
Sif Muna
Trog
Uskayaw
Vehumet
Yredelemnul
Zin
The Shining One

Shops:
D:5 [

Annotations:
D:6 Maggie


Message History

Maggie is moderately wounded.
You feel sick.
Maggie zaps a wand.
The puff of flame hits you but does no damage.
You closely miss Maggie.
Maggie is moderately wounded.
Maggie barely misses you.
You slash Maggie!
Maggie is moderately wounded.
You feel sick.
Maggie gestures wildly while chanting.
Maggie attempts to bespell you!
You are mesmerised by Maggie!
You hit Maggie but do no damage.
Maggie is moderately wounded.
Maggie hits you with a +0 war axe!
* * * LOW HITPOINT WARNING * * *
You closely miss Maggie.
Maggie is moderately wounded.
You feel sick. Maggie hits you with a +0 war axe!
You die...

#......#.........'...
#......#.........#...
#......#.........#...
#......#.........#...
#......#.........#...
#..!...#.........#...
+###......###'#######...
....................####
..?...†@............#
......@.............+
...........)........#
....................#
....................#
..........########....
..........# ......
.....)....# ...... .....


You could see Maggie (mesmerising, strong).

Vanquished Creatures
  Menkaure (D:4)
  Edmund (D:4)
  A sky beast (D:5)
  An orc warrior (D:6)
  2 ogres
  A centaur (D:5)
  A bullfrog (D:6)
  Blork the orc (D:4)
  A bullfrog zombie (D:6)
  An orc priest (D:6)
  A bullfrog skeleton (D:4)
  Crazy Yiuf (D:4)
  Jessica (D:2)
  An iguana (D:4)
  Ijyb (D:5)
  5 orc wizards
  4 worker ants
  A hound skeleton (D:5)
  3 adders
  4 gnolls (D:2)
  2 white imps
  An adder zombie (D:6)
  4 worms
  A dart slug (D:3)
  7 leopard geckos
  20 orcs
  11 bats
  5 giant cockroaches
  9 goblins
  10 hobgoblins
  4 jackals
  4 kobolds
  2 quokkas (D:6)
  A ball python (D:4)
  5 frilled lizards
  2 quokka zombies
  9 rats
130 creatures vanquished.

Vanquished Creatures (others)
  2 fungi (D:2)
  12 plants (D:2)
14 creatures vanquished.

Grand Total: 144 creatures vanquished

Notes
Turn   | Place    | Note
-------+----------+-------------------------------------------
     0 | D:1      | Tirrikindir the Hill Orc Fighter began the quest for the
                  | Orb.
     0 | D:1      | Reached XP level 1. HP: 19/19 MP: 1/1
    58 | D:1      | Reached skill level 3 in Axes
    83 | D:1      | Reached XP level 2. HP: 27/27 MP: 2/2
   440 | D:1      | Reached XP level 3. HP: 25/33 MP: 3/3
  1052 | D:2      | Reached skill level 4 in Axes
  1052 | D:2      | Reached skill level 1 in Dodging
  1052 | D:2      | Reached XP level 4. HP: 34/40 MP: 4/4
  1188 | D:2      | Reached XP level 5. HP: 37/47 MP: 5/5
  1189 | D:2      | Found a shadowy altar of Dithmenos.
  1208 | D:2      | Became a worshipper of Dithmenos the Shadowed
  1509 | D:2      | Reached skill level 5 in Axes
  1586 | D:2      | Noticed Jessica
  1598 | D:2      | Killed Jessica
  1928 | D:2      | Found a sacrificial altar of Ru.
  2356 | D:3      | Reached skill level 1 in Invocations
  2576 | D:3      | Reached * piety under Dithmenos
  2804 | D:3      | Found a sacrificial altar of Ru.
  2885 | D:4      | Reached XP level 6. HP: 51/53 MP: 6/6
  2930 | D:4      | Found a runed translucent door.
  2931 | D:4      | Noticed Crazy Yiuf
  2935 | D:4      | Killed Crazy Yiuf
  3131 | D:4      | Noticed Blork the orc
  3139 | D:4      | Killed Blork the orc
  3314 | D:4      | Noticed Edmund
  3328 | D:4      | Killed Edmund
  3329 | D:4      | Reached skill level 5 in Fighting
  3329 | D:4      | Reached skill level 6 in Axes
  3329 | D:4      | Reached skill level 1 in Evocations
  3329 | D:4      | Reached XP level 7. HP: 42/61 MP: 8/8
  3433 | D:4      | Found a shimmering blue altar of Sif Muna.
  3448 | D:4      | Noticed Menkaure
  3454 | D:4      | Killed Menkaure
  3853 | D:4      | Reached skill level 5 in Armour
  3897 | D:4      | Reached skill level 7 in Axes
  4173 | D:5      | Entered Level 5 of the Dungeon
  4235 | D:5      | Found Vigg's Armour Shop.
  4266 | D:5      | Reached XP level 8. HP: 33/68 MP: 10/10
  4463 | D:5      | Noticed Ijyb
  4470 | D:5      | Killed Ijyb
  4909 | D:6      | Reached ** piety under Dithmenos
  4912 | D:6      | Reached skill level 8 in Axes
  4936 | D:6      | HP: 3/68 [orc warrior/+0 war axe (9)]
  4945 | D:6      | Reached skill level 9 in Axes
  4945 | D:6      | Reached skill level 5 in Invocations
  5293 | D:6      | Found a staircase to the Ecumenical Temple.
  5327 | Temple   | Entered the Ecumenical Temple
  5637 | D:6      | Noticed Maggie
  5653 | D:6      | Slain by Maggie

Illustrated notes

Levels and vault maps discovered:
D:1:      nicolae_arrival_washed_ashore, layout_basic, glass_columns_a
D:2:      layout_loops_cross, old_standard_altar,
          nicolae_ru_the_path_less_chosen, uniq_jessica
D:3:      layout_basic, lemuel_coloured_pillars_altar
D:4:      layout_layer_cave, kennysheep_mini_moat, minmay_quadrilaterals,
          uniq_edmund, uniq_menkaure, uniq_blork_the_orc,
          uniq_crazy_yiuf_cottage
D:5:      layout_rooms, serial_shops,
          nicolae_shop_temple_entry_statues_fountains, uniq_ijyb
D:6:      layout_gridville, minmay_temple_entry_sparse_star,
          minmay_statues_item, uniq_maggie
Temple:   dpeg_chambers_temple

Skill      XL: |  1  2  3  4  5  6  7  8 |
---------------+-------------------------+-----
Axes           | 3 4 5 6 7 9 |  9.6
Fighting       | 4 5 |  5.0
Dodging        | 1 2 3 |  3.0
Armour         | 4 5 |  5.0
Invocations    | 1 2 3 5 |  5.0
Evocations     | 1 2 3 |  3.0
Shields        | |  3.2

Action                   |  1- 3 |  4- 6 |  7- 9 || total
-------------------------+-------+-------+-------++-------
Melee: War axe           |    69 |   104 |       ||   173
       Battleaxe         |       |    68 |   167 ||   235
Throw: Dart              |     2 |     6 |     1 ||     9
Evoke: Wand              |       |       |     1 ||     1
  Use: Scroll            |     2 |     3 |     2 ||     7
       Potion            |       |     1 |     2 ||     3
Armor: Scale mail        |    29 |    84 |    59 ||   172
       Chain mail        |       |       |    68 ||    68
Dodge: Dodged            |    14 |    82 |   107 ||   203
Block: Kite shield       |    31 |    41 |       ||    72
